 Dungeon Crawl Stone Soup version 0.29-a0-1052-g6990b1bffc (webtiles) character file.

Game seed: 9346488698661186455

76090 ragingrage the Severer (level 15, -12/97 HPs)
             Began as a Minotaur Delver on Aug 17, 2022.
             Was a High Priest of Okawaru.
             Collided with an ancient zyme (13 damage)
             ... caused by a wretched star
             ... on level 2 of the Abyss.
             The game lasted 00:28:58 (21109 turns).

ragingrage the Severer (Minotaur Delver)           Turns: 21109, Time: 00:28:58

Health: -12/97     AC: 35    Str: 17 (19) XL:     15   Next: 11%
Magic:  17/17      EV:  5    Int: -1 (2)  God:    Okawaru [*****.]
Gold:   1548       SH: 22    Dex: 14 (15) Spells: 14/14 levels left

rFire   x . .      SeeInvis .   a - +4 broad axe (freeze)
rCold   . . .      Faith    .   j - +6 tower shield of the Sunfish {rElec rN+}
rNeg    + + .      Spirit   .   h - +9 plate armour of Xugimi {rF- Dex+2 Stlth+}
rPois   +          Reflect  .   V - +2 hat
rElec   +          Harm     .   U - +2 ratskin cloak {*Rats rPois rN+ Str-1 Int-1 Dex+1}
rCorr   .          Rampage  .   z - +1 pair of gloves
Will    +....      Rage     9%  l - +2 pair of boots
Stlth   ..........              Y - amulet of regeneration
HPRegen 0.00/turn               k - ring of poison resistance
MPRegen 0.15/turn               (no ring)

@: afraid, finesse-ful, inhibited regen, hasted and slowed, lost intelligence,
studying Stealth, unable to read
A: horns 2, retaliatory headbutt, [berserk 2], deterioration 1[+1], dopey 1[+1],
[frail 3], [low MP 1], [screaming 2], [inhibited regeneration], [weak 2], [no
potion heal 1], [inability to read after injury 1]
a: Renounce Religion, Heroism, Finesse, Duel


You were on level 2 of the Abyss.
You worshipped Okawaru.
Okawaru was extremely pleased with you.
You visited 3 branches of the dungeon, and saw 20 of its levels.
You visited the Abyss 1 time.
You also visited: Sewer and Ossuary.

You collected 1548 gold pieces.

Inventory:

Hand Weapons
 a - a +4 broad axe of freezing (weapon)
 b - a +4 scimitar of flaming
 S - a +1 shortbow of freezing
Missiles
 i - 3 atropa-tipped darts (quivered)
 u - 14 boomerangs
 x - 22 poisoned darts
 Q - a silver javelin
 X - 2 throwing nets
 Z - 2 datura-tipped darts
Armour
 h - the +9 plate armour of Xugimi (worn) {rF- Dex+2 Stlth+}
   (You found it on level 5 of the Dungeon)

   Dex:       It affects your dexterity (+2).
   rF:        It makes you vulnerable to fire.
   Stlth:     It makes you more stealthy.
 j - the +6 tower shield of the Sunfish (worn) {rElec rN+}
   (Okawaru gifted it to you on level 5 of the Lair of Beasts)

   rElec:     It insulates you from electricity.
   rN:        It protects you from negative energy.
 l - a +2 pair of boots (worn)
 w - a +3 plate armour of fire resistance
 z - a +1 pair of gloves (worn)
 O - the +1 cloak of the Blizzard {Dex+3}
   (You found it on level 13 of the Dungeon)

   Dex:       It affects your dexterity (+3).
 T - the +1 pair of boots "Teiczi" {Dex+4}
   (Okawaru gifted it to you on level 2 of the Abyss)

   Dex:       It affects your dexterity (+4).
 U - the +2 ratskin cloak (worn) {*Rats rPois rN+ Str-1 Int-1 Dex+1}
   (You found it on level 10 of the Dungeon)

   When the wearer is hurt, rats may emerge from it to assist them.
   Str:       It affects your strength (-1).
   Int:       It affects your intelligence (-1).
   Dex:       It affects your dexterity (+1).
   rPois:     It protects you from poison.
   rN:        It protects you from negative energy.
 V - a +2 hat (worn)
Jewellery
 k - a ring of poison resistance (left hand)
 p - a ring of ice
 G - an amulet of reflection
 K - an amulet of faith
 Y - an amulet of regeneration (around neck)
Wands
 g - a wand of digging (3)
 o - a wand of paralysis (9)
 C - a wand of flame (29)
 L - a wand of mindburst (27)
 N - a wand of polymorph (13)
 P - a wand of acid (22)
 W - a wand of iceblast (8)
Scrolls
 c - 8 scrolls of fog
 d - 6 scrolls of magic mapping
 e - 4 scrolls of fear
 q - 9 scrolls of teleportation
 r - 4 scrolls of identify
 s - 3 scrolls of vulnerability
 v - 6 scrolls of amnesia
 y - 2 scrolls of blinking
 F - 2 scrolls of poison
 J - 2 scrolls of enchant armour
Potions
 f - 5 potions of haste
 m - a potion of invisibility
 n - 10 potions of curing
 t - a potion of magic
 A - 7 potions of berserk rage
 B - 2 potions of cancellation
 D - 4 potions of mutation
 E - 8 potions of attraction
 H - 2 potions of lignification
 M - 5 potions of might
 R - a potion of resistance


   Skills:
 + Level 14.5 Fighting
 - Level 18.0 Axes
 - Level 6.0 Throwing
 + Level 10.9 Armour
 + Level 5.7 Dodging
 + Level 6.4 Stealth
 + Level 10.0 Shields
 - Level 8.0 Invocations
 - Level 9.0 Evocations


You had 14 spell levels left.
You didn't know any spells.
Your spell library contained the following spells:

 Spells                   Type           Power      Damage    Failure   Level
 Beastly Appendage        Tmut           0%         N/A       100%        1
 Freeze                   Ice            0%         1d3       100%        1
 Necrotise                Necr           0%         1d4       100%        1
 Sandblast                Erth           0%         2d4       100%        1
 Passwall                 Tmut/Erth      0%         N/A       100%        2
 Poisonous Vapours        Pois/Air       0%         N/A       100%        2
 Wereblood                Tmut           0%         N/A       100%        2
 Confusing Touch          Hex            0%         N/A       100%        3
 Frozen Ramparts          Ice            0%         1d1       100%        3
 Portal Projectile        Hex/Tloc       0%         N/A       100%        3
 Spider Form              Tmut/Pois      0%         N/A       100%        3
 Stone Arrow              Conj/Erth      0%         3d7       100%        3
 Vampiric Draining        Necr           0%         2d6       100%        3
 Airstrike                Air            0%         2d(0-16)  100%        4
 Corpse Rot               Necr/Pois/Air  0%         N/A       100%        4
 Hailstorm                Conj/Ice       0%         3d3       100%        4
 Leda's Liquefaction      Hex/Erth       0%         N/A       100%        4
 Passage of Golubria      Tloc           0%         N/A       100%        4
 Petrify                  Tmut/Erth      0%         N/A       100%        4
 Agony                    Necr           0%         N/A       100%        5
 Alistair's Intoxication  Tmut/Pois      0%         N/A       100%        5
 Blade Hands              Tmut           0%         N/A       100%        5
 Borgnjor's Vile Clutch   Necr/Erth      0%         N/A       100%        5
 Fireball                 Conj/Fire      0%         3d3       100%        5
 Iskenderun's Battlesphe  Conj           0%         2d6       100%        5
 Lee's Rapid Deconstruct  Erth           0%         3d5*      100%        5
 Lightning Bolt           Conj/Air       0%         1d11      100%        5
 Metabolic Englaciation   Hex/Ice        0%         N/A       100%        5
 Silence                  Hex/Air        0%         N/A       100%        5
 Yara's Violent Unravell  Hex/Tmut       0%         3d3       100%        5
 Conjure Ball Lightning   Conj/Air       0%         3x3d6     100%        6
 Eringya's Noxious Bog    Tmut/Pois      0%         N/A       100%        6
 Statue Form              Tmut/Erth      0%         N/A       100%        6
 Enfeeble                 Hex            0%         N/A       100%        7
 Orb of Destruction       Conj           0%         9d5       100%        7
 Lehudib's Crystal Spear  Conj/Erth      0%         10d2      100%        8
 Tukima's Dance           Hex            Unusable   N/A       N/A         3
 Animate Dead             Necr           Unusable   N/A       N/A         4
 Summon Lightning Spire   Summ/Air       Unusable   N/A       N/A         4
 Death Channel            Necr           Unusable   N/A       N/A         6

Dungeon Overview and Level Annotations

Branches:
Dungeon (14/15)            Temple (1/1) D:5            Lair (5/5) D:10
  Swamp (0/4) Lair:2       Spider (0/4) Lair:2        Slime (0/5) Lair:4
    Orc (0/2) D:12          Sewer (visited)         Ossuary (visited)
 Vaults: D:13-14

Altars:
Ashenzari
Cheibriados
Dithmenos
Elyvilon
Fedhas
Gozag
Hepliaklqana
Kikubaaqudgha
Makhleb
Nemelex Xobeh
Okawaru
Qazlal
Ru
Sif Muna
Trog
Uskayaw
Vehumet
Wu Jian
Xom
Yredelemnul
The Shining One

Shops:
D:4 [

Annotations:
D:7 exclusion: 2 downstairs
D:11 2 transporters, Olitzid's ghost, journeyman DEHW
Lair:2 2 transporters, exclusion: ice statue, ytrimaz's ghost, journeyman DsTm


Innate Abilities, Weirdness & Mutations

You have a pair of horns on your head.
You reflexively headbutt those who attack you in melee.
[You have an uncontrollable temper.]
[Your body often deteriorates upon taking damage.]
[You are very dopey. (Int -4)]
[You are extremely frail. (-30% HP)]
[Your magical capacity is low. (-10% MP)]
[You frequently scream uncontrollably at your foes.]
[You do not regenerate when monsters are visible.]
[You are very weak. (Str -4)]
[Potions are less effective at restoring your health.]
[You occasionally lose the ability to read scrolls when taking damage.]


Message History

The wretched star glows turbulently.
The lance of force hits you but does no damage.
You miss the flayed ghost.
The flayed ghost is severely damaged.
You barely miss the eidolon. You closely miss the wretched star.
You hit the large abomination but do no damage.
You hit the chaos spawn. You freeze the chaos spawn.
The flayed ghost hits you but does no damage.
You block the chaos spawn's attack. You block the eidolon's attack. x2
An ancient zyme comes into view.
You feel yourself growing ill in the presence of the ancient zyme.
The large abomination hits you!!
* * * LOW HITPOINT WARNING * * *
Your body deteriorates!
You feel weakened.
Unknown command.
You slice the flayed ghost!! You freeze the flayed ghost!
You destroy the flayed ghost!
Okawaru accepts your kill.
The terrible wounds on your body vanish.
You hit the eidolon but do no damage.
You hit the wretched star but do no damage.
You hit the large abomination but do no damage.
You hit the chaos spawn but do no damage.
You block the chaos spawn's attack. You block the eidolon's attack.
The eidolon barely misses you. The smoke demon gestures at you.
Something smites you!
* * * LOW HITPOINT WARNING * * *
Your body deteriorates!
You feel weakened.
Your life force feels restored.
You cannot read scrolls in your current state!
You feel yourself speed up.
You block the large abomination's attack.
The wretched star glows turbulently.
The lance of force hits you!
* * * LOW HITPOINT WARNING * * *
You are knocked back by the lance of force.
You collide with the ancient zyme!
The ancient zyme is lightly damaged.
You die...

........... #
............ # .
............ #. ..
...... . .... .#
.. ##..... ..... #
....#...........
### .........#
.....#.. .
.......W4#...... .
.#
....35*@x......#
##. #
....#..X..........
. . . 4..
##.............# #
. #.......#### ##
##
...........#......
. . ..........# #
## . .
........#.... . #
.. ...#....#....#
..... .. ..## ....
.. #... #


You could see an eidolon (scary), a wretched star, an ancient zyme, a large
abomination, a smoke demon, a chaos spawn and a white imp.

Vanquished Creatures
  A tentacled starspawn (Abyss:2)
  A reaper (Abyss:2)
  Azrael (D:13)
  A starcursed mass (Abyss:2)
  An eidolon (Abyss:2)
  An ettin (D:14)
  A great orb of eyes (Abyss:2)
  2 boulder beetles (D:12)
  6 hydras
  7 centaur warriors
  2 catoblepae
  Erica (D:7)
  3 two-headed ogres
  A tengu warrior (D:10)
  A thrashing horror (Abyss:2)
  5 death yaks (Lair:5)
  A sixfirhy (Abyss:2)
  A wretched star (Abyss:2)
  A shadow wraith (D:14)
  A flayed ghost (Abyss:2)
  A wizard (D:14)
  A glowing orange brain (Abyss:2)
  A deep elf zephyrmancer (D:9)
  A deep elf pyromancer (D:13)
  An orc sorcerer (Abyss:2)
  11 slime creatures (D:13)
  6 ugly things (D:14)
  A will-o-the-wisp (Lair:2)
  A cyclops (D:8)
  6 elephants (Lair:4)
  3 black mambas
  A black mamba (shapeshifter) (D:9)
  Joseph (D:8)
  27 cane toads
  2 gargoyles
  4 rime drakes
  Psyche (D:8)
  7 komodo dragons
  2 unseen horrors
  2 tengu conjurers (D:14)
  A polar bear (Lair:3)
  An ancient zyme (Abyss:2)
  A troll (shapeshifter) (D:14)
  A meliai (Lair:2)
  4 trolls
  3 tyrant leeches (Lair:5)
  38 blink frogs
  A shadow (D:10)
  38 yaks
  A water elemental (D:12)
  2 vampires
  2 wraiths
  3 wyverns
  2 fire elementals (D:13)
  A ynoxinul (Abyss:2)
  A basilisk (Lair:4)
  2 steam dragons (D:8)
  3 small abominations (Abyss:2)
  Menkaure (D:4)
  5 vampire mosquitoes (Lair:5)
  4 wargs
  3 acid dragons (D:10)
  A large abomination (Abyss:2)
  18 water moccasins
  Duvessa (D:4)
  6 hell hounds
  3 ice beasts
  4 orc warriors
  A black bear (Lair:3)
  A black bear (shapeshifter) (D:14)
  3 ogres
  4 boggarts (Lair:3)
  11 wolves
  7 centaurs
  A phantom (D:6)
  An elf zombie (Ossuary)
  3 kobold brigands
  16 bullfrogs
  2 necrophages
  5 scorpions
  2 elf skeletons (D:7)
  7 wights
  Dowan (D:4)
  10 killer bees
  4 electric eels
  3 howler monkeys (D:7)
  A crimson imp (D:3)
  A hound (D:6)
  A centaur zombie (Ossuary)
  A jelly (D:4)
  9 orc priests
  2 gnoll boudas
  A human skeleton (D:7)
  3 iguanas
  Natasha (thrice) (D:4)
  21 orc wizards
  6 hell rats (Lair:5)
  4 hound zombies (Ossuary)
  3 mummies (Ossuary)
  11 gnolls
  13 adders
  7 river rats
  An ufetubus (D:5)
  5 adder zombies (Ossuary)
  2 worms (D:2)
  A dart slug (D:2)
  37 orcs
  4 bats
  16 endoplasms
  5 giant cockroaches
  2 gnoll zombies (Ossuary)
  4 goblins
  5 hobgoblins
  8 quokkas
  14 ball pythons
  6 frilled lizards
  3 goblin skeletons (D:3)
  4 goblin zombies
  7 hobgoblin zombies
  6 jackal zombies (Ossuary)
  28 kobolds
  A kobold skeleton (D:3)
  2 kobold zombies
  4 orc skeletons
  3 orc zombies
  7 quokka zombies (Ossuary)
  26 rats
  A rat zombie (Ossuary)
  A butterfly (D:5)
  A starspawn tentacle (Abyss:2)
643 creatures vanquished.

Vanquished Creatures (others)
  A sky beast (Abyss:2)
  2 foxfires (Lair:2)
  18 fungi
  75 plants
  A starspawn tentacle (Abyss:2)
97 creatures vanquished.

Grand Total: 740 creatures vanquished

Notes
Turn   | Place    | Note
-------+----------+-------------------------------------------
     0 | D:5      | ragingrage the Minotaur Delver began the quest for the Orb.
     0 | D:5      | Reached XP level 1. HP: 19/19 MP: 0/0
    24 | D:5      | Identified the +9 plate armour of Xugimi {rF- Dex+2 Stlth+}
   274 | D:1      | Reached skill level 3 in Axes
   504 | D:1      | Reached XP level 2. HP: 26/26 MP: 1/1
   809 | D:1      | Found a faded altar of an unknown god.
   829 | D:1      | Reached skill level 4 in Axes
  1057 | D:2      | Reached XP level 3. HP: 31/31 MP: 2/2
  1854 | D:1      | Reached skill level 5 in Axes
  2005 | D:2      | Reached XP level 4. HP: 35/39 MP: 3/3
  2491 | D:3      | Reached skill level 6 in Axes
  2665 | D:3      | Reached XP level 5. HP: 43/45 MP: 4/4
  2856 | D:3      | Found a glowing golden altar of the Shining One.
  2861 | D:3      | Reached skill level 7 in Axes
  3157 | D:3      | Found an opulent altar of Gozag.
  3157 | D:3      | Found an ornate altar of the Wu Jian Council.
  3236 | D:4      | Noticed Natasha
  3246 | D:4      | Killed Natasha
  3300 | D:4      | Identified the +5 mace "Fahaq" {vorpal, rF+}
  3364 | D:4      | Noticed Menkaure
  3368 | D:4      | Gained mutation: You have hidden genetic defects. [potion
                  | of mutation]
  3376 | D:4      | Killed Menkaure
  3377 | D:4      | Reached skill level 8 in Axes
  3377 | D:4      | Reached XP level 6. HP: 50/51 MP: 5/5
  3379 | D:4      | Gained mutation: [You are dopey. (Int -2)] [hidden defects]
  3596 | D:4      | Reached skill level 9 in Axes
  3609 | D:4      | Gained mutation: [Your body sometimes deteriorates upon
                  | taking damage.] [hidden defects]
  3609 | D:4      | Lost mutation: You have hidden genetic defects. [hidden
                  | defects expressed]
  3671 | D:4      | Reached XP level 7. HP: 46/57 MP: 6/6
  3820 | D:4      | Found Kyulorit's Armour Boutique.
  3914 | D:4      | Found a hide-covered altar of Uskayaw.
  3941 | D:4      | Noticed Dowan
  3942 | D:4      | Noticed Duvessa
  3961 | D:4      | Killed Duvessa
  3962 | D:4      | Reached skill level 10 in Axes
  3969 | D:4      | Killed Dowan
  4272 | D:4      | Noticed Natasha
  4280 | D:4      | Killed Natasha
  4280 | D:4      | Noticed Natasha
  4286 | D:4      | Killed Natasha
  4430 | D:5      | Reached skill level 11 in Axes
  4469 | D:5      | Reached XP level 8. HP: 64/64 MP: 7/7
  4548 | D:5      | Found a white marble altar of Elyvilon.
  4567 | D:5      | Reached skill level 12 in Axes
  4641 | D:5      | Found a staircase to the Ecumenical Temple.
  4673 | D:5      | Found a snail-covered altar of Cheibriados.
  4702 | Temple   | Entered the Ecumenical Temple
  4729 | Temple   | Became a worshipper of Warmaster Okawaru
  4865 | D:5      | Found a hazy altar of Hepliaklqana.
  5185 | D:6      | Found a glowing drain.
  5299 | Sewer    | Entered a sewer
  5570 | Sewer    | Reached skill level 13 in Axes
  5956 | D:6      | Reached skill level 14 in Axes
  5956 | D:6      | Reached XP level 9. HP: 70/70 MP: 8/8
  5959 | D:6      | Reached * piety under Okawaru
  6504 | D:7      | Found a sand-covered staircase.
  6513 | Ossuary  | Entered an ossuary
  6597 | Ossuary  | Reached skill level 15 in Axes
  7411 | D:8      | Noticed Erica
  7429 | D:7      | Killed Erica
  7429 | D:7      | Reached ** piety under Okawaru
  7430 | D:7      | Reached skill level 16 in Axes
  7623 | D:7      | Reached *** piety under Okawaru
  7677 | D:8      | Noticed a cyclops
  7677 | D:8      | Noticed Joseph
  7849 | D:8      | Noticed Psyche
  7861 | D:8      | Killed Psyche
  7862 | D:8      | Reached skill level 17 in Axes
  7862 | D:8      | Reached XP level 10. HP: 77/77 MP: 9/9
  7957 | D:8      | Killed Joseph
  8062 | D:8      | Noticed Maurice
  8064 | D:8      | Noticed Maurice
  8064 | D:8      | Maurice changed into Maurice the warg
  8071 | D:8      | Killed Maurice the warg
  8131 | D:8      | Killed a cyclops
  8132 | D:8      | Reached skill level 18 in Axes
  8207 | D:8      | Reached **** piety under Okawaru
  8383 | D:8      | Reached skill level 1 in Armour
  8400 | D:8      | Reached skill level 1 in Throwing
  8400 | D:8      | Reached skill level 1 in Invocations
  8462 | D:8      | Noticed a two-headed ogre
  8469 | D:8      | Killed a two-headed ogre
  8470 | D:8      | Reached skill level 1 in Evocations
  9234 | D:9      | Identified the +0 robe of Ysipitol {Fly MP-9 Str+5
                  | Archmagi}
  9439 | D:9      | Found a sacrificial altar of Ru.
  9610 | D:9      | Reached ***** piety under Okawaru
  9654 | D:9      | Noticed a deep elf zephyrmancer
  9666 | D:9      | Killed a deep elf zephyrmancer
  9805 | D:9      | Noticed a black mamba
  9811 | D:9      | Killed a black mamba
  9812 | D:9      | Reached skill level 5 in Fighting
  9861 | D:10     | Entered Level 10 of the Dungeon
  9869 | D:10     | Reached XP level 11. HP: 65/86 MP: 11/11
  9964 | D:10     | Found a shimmering blue altar of Sif Muna.
  9971 | D:10     | Found an ancient bone altar of Kikubaaqudgha.
  9992 | D:10     | Got Kikubaaqudgha's Secrets of Exhumation
  9998 | D:10     | Found a radiant altar of Vehumet.
 10017 | D:10     | Found the +2 ratskin cloak {*Rats rPois rN+ Str-1 Int-1
                  | Dex+1}
 10157 | D:10     | Noticed a two-headed ogre
 10167 | D:10     | Killed a two-headed ogre
 10317 | D:10     | Received a gift from Okawaru
 10411 | D:10     | Found a staircase to the Lair.
 10667 | D:10     | Noticed a tengu warrior
 10675 | D:10     | Killed a tengu warrior
 10929 | D:10     | Reached skill level 5 in Armour
 11032 | D:11     | Noticed a six-headed hydra
 11041 | D:11     | Killed a two-headed hydra
 11041 | D:11     | Received a gift from Okawaru
 11816 | D:11     | Found a transporter.
 11826 | D:11     | Noticed Olitzid's ghost (journeyman DEHW)
 11884 | D:11     | Found a transporter.
 12189 | D:12     | Found an iron altar of Okawaru.
 12203 | D:12     | Reached skill level 5 in Throwing
 12553 | D:12     | Noticed a boulder beetle
 12563 | D:12     | Noticed a boulder beetle
 12566 | D:12     | Killed a boulder beetle
 12567 | D:12     | Reached skill level 5 in Invocations
 12587 | D:12     | Killed a boulder beetle
 12588 | D:12     | Reached XP level 12. HP: 64/100 MP: 14/14
 12738 | D:12     | Found a staircase to the Orcish Mines.
 13357 | D:13     | Noticed a catoblepas
 13374 | D:13     | Killed a catoblepas
 13385 | D:13     | Noticed a centaur warrior
 13401 | D:13     | Killed a centaur warrior
 13402 | D:13     | Reached skill level 5 in Evocations
 13755 | Lair:1   | Entered Level 1 of the Lair of Beasts
 14229 | Lair:1   | Received a gift from Okawaru
 14513 | Lair:2   | Found a transporter.
 14532 | Lair:2   | Found a hole to the Spider Nest.
 14573 | Lair:2   | Noticed ytrimaz's ghost (journeyman DsTm)
 14594 | Lair:2   | Noticed a five-headed hydra
 14612 | Lair:2   | Killed a one-headed hydra
 14680 | Lair:2   | Found a staircase to the Swamp.
 15082 | Lair:2   | Found a transporter.
 15342 | Lair:3   | Noticed an eight-headed hydra
 15357 | Lair:3   | Noticed an eight-headed hydra
 15419 | Lair:3   | Noticed a death yak
 15419 | Lair:3   | Noticed a death yak
 15419 | Lair:3   | Noticed a death yak
 15421 | Lair:3   | Noticed a death yak
 15426 | Lair:3   | Noticed a death yak
 15599 | Lair:3   | Noticed a five-headed hydra
 15614 | Lair:3   | Reached skill level 10 in Fighting
 15614 | Lair:3   | Reached XP level 13. HP: 113/113 MP: 13/16
 16168 | Lair:3   | Reached skill level 10 in Armour
 16171 | Lair:3   | Identified the +3 kite shield of Uraufyakh {Rampage}
                  | (Okawaru gifted it to you on level 3 of the Lair of Beasts)
 16171 | Lair:3   | Received a gift from Okawaru
 16546 | Lair:4   | Reached skill level 1 in Shields
 17139 | Lair:4   | Found a staircase to the Slime Pits.
 17381 | Lair:5   | Entered Level 5 of the Lair of Beasts
 17535 | Lair:5   | Reached skill level 5 in Shields
 17704 | Lair:5   | Identified the +6 tower shield of the Sunfish {rElec rN+}
                  | (Okawaru gifted it to you on level 5 of the Lair of Beasts)
 17704 | Lair:5   | Received a gift from Okawaru
 17720 | Lair:5   | Reached XP level 14. HP: 62/127 MP: 13/17
 19242 | D:13     | Noticed Azrael
 19255 | D:13     | Killed Azrael
 19255 | D:13     | Received a gift from Okawaru
 19255 | D:13     | Found the +7 Throatcutter {drain, coup de grace}
 19304 | D:13     | Identified the +1 cloak of the Blizzard {Dex+3}
 20067 | D:14     | Found a bloodstained altar of Trog.
 20288 | D:14     | Reached skill level 5 in Stealth
 20398 | D:14     | Reached skill level 5 in Dodging
 20635 | Abyss:2  | Found a corrupted altar of Lugonu.
 20635 | Abyss:2  | Cast into level 2 of the Abyss (a wizard)
 20679 | Abyss:2  | Received a gift from Okawaru
 20851 | Abyss:2  | Noticed a starcursed mass
 20858 | Abyss:2  | Noticed a tentacled starspawn
 20866 | Abyss:2  | Killed a starcursed mass
 20875 | Abyss:2  | Killed a tentacled starspawn
 20875 | Abyss:2  | Identified the +1 pair of boots "Teiczi" {Dex+4} (Okawaru
                  | gifted it to you on level 2 of the Abyss)
 20875 | Abyss:2  | Received a gift from Okawaru
 20876 | Abyss:2  | Reached XP level 15. HP: 100/139 MP: 14/20
 21099 | Abyss:2  | Reached skill level 10 in Shields
 21099 | Abyss:2  | Lost intelligence.
 21109 | Abyss:2  | HP: 1/97 [wretched star/lance of force (17)]
 21109 | Abyss:2  | Collided with an ancient zyme

Illustrated notes

Levels and vault maps discovered:
D:1:      dpeg_arrival_pits, layout_rooms, dreamdust_ecumenical_altar_grove
D:2:      minmay_chambers_of_ones, layout_basic
D:3:      layout_rooms, chequers_temple_overflow_statue_of_worship,
          nicolae_tso_besieged_by_evil, serial_corexii_hall,
          chequers_hall_statues_wall_a, chequers_hall_statues_corner_a
D:4:      minmay_skewed_foursquare, layout_basic, kennysheep_mini, serial_shops,
          shop_fountains, minmay_misc_feat_enclosed, uniq_natasha, uniq_duvessa,
          uniq_menkaure
D:5:      layout_cave_pools, elyvilon_altar_4, mainiacjoe_overflow_24_doors,
          mainiacjoe_overflow_surrounded_room, minmay_temple_entry_butterflies,
          serial_column_ruins, column_ruins_square_large,
          column_ruins_corridor_corner, column_ruins_corridor_corner,
          column_ruins_grid_3, column_ruins_open_small, column_ruins_grid_1,
          column_ruins_open_small, column_ruins_grid_1
D:6:      layout_rooms, portal_sewer_entry_e
D:7:      layout_basic, nicolae_ossuary_entry_catacombs
D:8:      layout_loops_cross, small_chamber_with_monster, uniq_psyche,
          uniq_maurice, uniq_erica, uniq_joseph
D:9:      layout_roguey, nicolae_ru_great_annihilating_truth,
          guppyfry_early_elven_hall
D:10:     layout_roguey, palyth_temple_overflow_mages,
          erik_lair_orcish_takeover, kennysheep_generic_room_9
D:11:     layout_small_grid, gammafunk_ghost_stat_death
D:12:     layout_basic, okawaru_gym_becter
D:13:     layout_long_grid, uniq_azrael
D:14:     layout_basic, david_vaults_4, bloody_trog
Temple:   nicolae_temple_ecumenical_triangle
Lair:1:   layout_roguey
Lair:2:   layout_gridlike, minmay_swamp_entry_wisps,
          hellmonk_spider_entry_not_the_bees, nzn_ghost_randoct,
          nicolae_quartered_pool_medium
Lair:3:   layout_cave_pods, kilobyte_rumbling_trees, infiniplex_staircase_pool_2
Lair:4:   layout_cave_pods, slime_entry_1, grunt_megastairs_1
Lair:5:   minmay_lair_end_frog_pond, layout_gridlike, kennysheep_abandoned_house
Abyss:2:  base: D:1, base: D:1, evilmike_abyss_exit_2, evilmike_abyss_exit_2,
          lemuel_flamethrower_hall

Skill      XL: |  1  2  3  4  5  6  7  8  9 10 11 12 13 14 15 |
---------------+----------------------------------------------+-----
Axes           | 3 4 5 6 8 9 11 14 17 18 | 18.0
Armour         | 3 6 9 10 | 10.9
Fighting       | 5 7 10 12 14 | 14.5
Throwing       | 2 5 6 |  6.0
Invocations    | 2 5 6 8 |  8.0
Dodging        | 3 4 5 |  5.7
Evocations     | 2 4 7 9 |  9.0
Shields        | 6 9 10 | 10.0
Stealth        | 6 |  6.4

Action                   |  1- 3 |  4- 6 |  7- 9 | 10-12 | 13-15 || total
-------------------------+-------+-------+-------+-------+-------++-------
Melee: Hand axe          |    88 |   125 |   301 |    45 |       ||   559
       Headbutt          |    12 |    25 |    76 |   116 |   166 ||   395
       Punch             |     1 |     2 |       |       |       ||     3
       Short sword       |       |     8 |       |       |       ||     8
       Broad axe         |       |       |    66 |   415 |   695 ||  1176
       Scimitar          |       |       |       |     9 |    18 ||    27
Throw: Dart              |       |     1 |     9 |    16 |     5 ||    31
       Throwing net      |       |       |       |     1 |       ||     1
Invok: Heroism           |       |       |       |     3 |     3 ||     6
       Finesse           |       |       |       |     2 |     9 ||    11
Evoke: Wand              |       |       |     3 |     4 |       ||     7
  Use: Potion            |       |     3 |     1 |     1 |     9 ||    14
       Scroll            |       |     2 |     8 |    10 |     7 ||    27
 Stab: Held in net/web   |       |       |       |     2 |       ||     2
       Petrified         |       |       |       |       |     7 ||     7
Armor: Plate armour      |    52 |    70 |   232 |   293 |   380 ||  1027
       Skin              |       |    10 |     4 |    16 |       ||    30
Dodge: Dodged            |    21 |    51 |    93 |   152 |   103 ||   420
Block: Kite shield       |       |       |       |       |   110 ||   110
       Tower shield      |       |       |       |       |   453 ||   453

Table legend: (Time is in decaauts)
 A = Elapsed time spent in this place.
 B = Non-inter-level travel time spent in this place.
 C = Inter-level travel time spent in this place.
 D = Time resting spent in this place.
 E = Time spent auto-exploring this place.
 F = Levels seen in this place.
 G = Mean time per level.
                   A        B        C        D        E       F      G
               +--------+--------+--------+--------+--------+-----+--------+
         Total |  20877 |  19744 |   1133 |   2513 |  13257 |  23 |  907.7 |
       Dungeon |  14688 |  13807 |    881 |   2164 |   9384 |  14 | 1049.1 |
        Temple |     36 |     19 |     17 |      0 |     13 |   1 |   36.0 |
          Lair |   5026 |   4792 |    234 |    302 |   3353 |   5 | 1005.2 |
         Abyss |    450 |    450 |      0 |     47 |    114 |   1 |  450.0 |
         Sewer |    371 |    371 |      0 |      0 |    192 |   1 |  371.0 |
       Ossuary |    304 |    304 |      0 |      0 |    200 |   1 |  304.0 |
               +--------+--------+--------+--------+--------+-----+--------+

Top non-repeatable levels by time:
     D:2: 1610 daAuts
  Lair:5: 1350 daAuts
    D:12: 1328 daAuts
     D:7: 1210 daAuts
     D:4: 1203 daAuts
    D:10: 1166 daAuts
     D:8: 1164 daAuts
    D:11: 1161 daAuts
  Lair:3: 1127 daAuts
    D:13: 1122 daAuts
  Lair:4: 930 daAuts
     D:9: 851 daAuts
  Lair:2: 830 daAuts
    D:14: 806 daAuts
     D:1: 789 daAuts
